 Dungeon Crawl Stone Soup version 0.20-a0-3-g334f831 (webtiles) character file.

7099 sveltemanboy the Carver (level 10, -2/67 HPs)
             Began as a Demonspawn Gladiator on Oct 30, 2016.
             Was an Elder of Okawaru.
             Slain by a troll (9 damage)
             ... on level 9 of the Dungeon.
             The game lasted 00:27:14 (10002 turns).

sveltemanboy the Carver (Demonspawn Gladiator)     Turns: 10002, Time: 00:27:14

Health: -2/67      AC: 11    Str: 19    XL:     10   Next: 84%
Magic:  15/15      EV: 12    Int: 10    God:    Okawaru [****..]
Gold:   450        SH:  0    Dex: 13    Spells: 1 memorised, 7 levels left

rFire  . . .     SeeInvis +     c - +2 long sword (slice)
rCold  + . .     Gourm    .     l - +0 ring mail
rNeg   . . .     Faith    .     (no shield)
rPois  .         Spirit   .     (helmet unavailable)
rElec  .         Reflect  .     E - +1 cloak
rCorr  +         Harm     .     d - +0 pair of gloves
MR     .....                    (no boots)
Stlth  +.........               p - amulet of magic regeneration
                                (no ring)
                                i - ring of resist corrosion

@: no status effects
A: antennae 3, talons 1, slimy green scales 2, cold resistance 1, demonic
guardian 1
a: Heroism, Renounce Religion


You were on level 9 of the Dungeon.
You worshipped Okawaru.
Okawaru was greatly pleased with you.
You were not hungry.

You visited 2 branches of the dungeon, and saw 10 of its levels.
You also visited: Sewer.

You collected 512 gold pieces.
You spent 62 gold pieces at shops.

Inventory:

Hand Weapons
 c - a +2 long sword of slicing (weapon)
Missiles
 n - 2 throwing nets (quivered)
 w - 6 javelins
 H - 8 silver tomahawks
Armour
 d - a +0 pair of gloves (worn)
 l - a +0 ring mail (worn)
 E - a +1 cloak (worn)
Jewellery
 i - a ring of resist corrosion (left hand)
 p - an amulet of magic regeneration (around neck)
Wands
 b - a wand of lightning (2/15)
 s - a wand of heal wounds (0/9)
 u - a wand of flame (6/48)
 B - a wand of flame (13/48)
Scrolls
 g - 2 scrolls of fog
 h - 3 scrolls of teleportation
 j - 6 scrolls of identify
 m - 2 scrolls of fear
 r - a scroll of immolation {unknown}
 y - a scroll of enchant weapon
 C - 2 scrolls of magic mapping
Potions
 e - a potion of cancellation
 o - a potion of haste
 t - a potion of might
 v - 6 potions of curing
 z - 2 potions of ambrosia
Books
 q - a book of Minor Magic

   Spells                             Type                      Level
   a - Magic Dart                     Conjuration                  1
   b - Blink                          Translocation                2
   c - Call Imp                       Summoning                    2
   d - Repel Missiles                 Charms/Air                   2
   e - Slow                           Hexes                        2
   f - Conjure Flame                  Conjuration/Fire             3
   g - Mephitic Cloud                 Conjuration/Poison/Air       3
 I - a book of Flames

   Spells                             Type                      Level
   a - Flame Tongue                   Conjuration/Fire             1
   b - Throw Flame                    Conjuration/Fire             2
   c - Conjure Flame                  Conjuration/Fire             3
   d - Inner Flame                    Hexes/Fire                   3
   e - Sticky Flame                   Conjuration/Fire             4
   f - Fireball                       Conjuration/Fire             5
Comestibles
 a - a chunk of flesh
 f - 9 bread rations
 k - 2 meat rations


   Skills:
 - Level 2.0 Fighting
 * Level 11.9 Long Blades
   Level 4.0 Polearms
 - Level 1.7 Throwing
 - Level 2.0 Armour
 - Level 3.0 Dodging
 + Level 2.7 Charms
 - Level 2.0 Air Magic
 - Level 7.0 Invocations
 - Level 6.0 Evocations


You had 7 spell levels left.
You knew the following spells:

 Your Spells              Type           Power        Failure   Level  Hunger
a - Repel Missiles        Chrm/Air       #.....       43%         2    ###....


Dungeon Overview and Level Annotations

Branches:
Dungeon (9/15)             Temple (1/1) D:5
   Lair: D:8-11         Orc: D:9-12

Altars:
Ashenzari
Dithmenos
Gozag
Hepliaklqana
Nemelex Xobeh
Okawaru
Ru
Sif Muna
Uskayaw
Xom
Zin

Shops:
D:6 *

Annotations:
Abyss:1 Duvessa, Erica


Innate Abilities, Weirdness & Mutations

You have a pair of large antennae on your head. (SInv)
You are mostly covered in slimy green scales. (AC +3)
A weak demonic guardian rushes to your aid.
You have sharp toenails.
Your flesh is cold resistant. (rC+)


Message History

Press: ? - help, Shift-Dir - straight line, f/p - troll
Aim: a troll (almost dead)
The puff of flame hits the troll.
The troll is almost dead.
This wand has 14 charges left.
Your quasit barely misses the troll.
Your quasit closely misses the troll.
Your quasit claws the troll but does no damage.
The troll bites you but does no damage. The troll claws you but does no damage.
The troll barely misses you.
Your quasit bites the troll.
Your quasit closely misses the troll.
Your quasit completely misses the troll.
Evoke which item? (* to show all) (? for menu, Esc to quit)
Zapping:
B - a wand of flame (14/48)
Press: ? - help, Shift-Dir - straight line, f/p - troll
Aim: a troll (almost dead)
The puff of flame misses the troll.
This wand has 13 charges left.
The troll closely misses you.
You riposte.
You barely miss the troll.
The troll is almost dead.
The troll claws you!
You die...

..##.## ######
..#8.8# ##....##
..##†## #......#
..##.## #......#
..#8.8# #......#
..##.## #......#
..##'# #......#
.....#######...5T#
...........#....@#
.........(.#.....#
.>.........#.....#
..........>#.....#
....#'#########÷##
....#.<...#<.....#
....#.....+......#
....###'###......#
.................#


You could see a troll and a friendly quasit.

Vanquished Creatures
  Pikel (D:5)
  2 hippogriffs (D:8)
  8 yaks (D:9)
  A spriggan (D:7)
  A wyvern (D:8)
  Grum (D:8)
  3 orc warriors
  2 ice beasts (D:7)
  A slave (D:5)
  2 sky beasts (D:5)
  3 ogres
  2 centaurs
  4 wolves (D:8)
  4 bullfrogs
  A scorpion (D:4)
  Dowan (D:5)
  4 killer bees (D:9)
  4 wights (D:8)
  4 howler monkeys
  A centaur zombie (D:6)
  2 crimson imps
  Crazy Yiuf (D:7)
  3 hounds
  5 orc priests
  A jelly (D:6)
  Natasha (thrice) (D:4)
  12 orc wizards
  10 worker ants
  A killer bee zombie (D:6)
  A hound zombie (D:9)
  3 hound skeletons
  Robin (D:3)
  A howler monkey skeleton (D:8)
  12 adders
  A river rat (D:4)
  An ooze (D:1)
  An adder skeleton (D:4)
  3 worms
  3 dart slugs
  10 leopard geckos
  33 orcs
  6 bats
  8 giant cockroaches
  15 goblins
  11 hobgoblins
  8 jackals
  15 kobolds
  5 quokkas
  7 ball pythons
  5 frilled lizards
  A leopard gecko skeleton (D:4)
  A leopard gecko zombie (D:5)
  9 rats
  4 plants (Sewer)
253 creatures vanquished.

Vanquished Creatures (collateral kills)
  A two-headed ogre (D:8)
  A yak (D:9)
  A slave (D:5)
  An ogre (D:4)
  A big kobold (D:8)
  A killer bee (D:9)
  A worker ant (D:4)
  2 adder zombies
9 creatures vanquished.

Vanquished Creatures (others)
  A hornet (D:8)
  2 slaves (D:5)
  A bullfrog (D:6)
  A hound skeleton (D:5)
  A worker ant zombie (D:7)
  An adder (D:2)
  An orc (D:6)
  A hobgoblin (D:3)
9 creatures vanquished.

Grand Total: 271 creatures vanquished

Notes
Turn   | Place    | Note
-------+----------+-------------------------------------------
     0 | D:1      | sveltemanboy the Demonspawn Gladiator began the quest for the Orb.
     0 | D:1      | Reached XP level 1. HP: 16/16 MP: 1/1
   143 | D:1      | Gained mutation: You are partially covered in slimy green scales. (AC +2) [demonic ancestry]
   143 | D:1      | Reached XP level 2. HP: 12/22 MP: 2/2
   434 | D:1      | Reached skill level 1 in Armour
   836 | D:2      | Reached XP level 3. HP: 27/27 MP: 3/3
  1188 | D:2      | Learned a level 2 spell: Repel Missiles
  1298 | D:2      | Gained mutation: You have a pair of small antennae on your head. [demonic ancestry]
  1298 | D:2      | Reached XP level 4. HP: 21/33 MP: 4/4
  1788 | D:3      | Noticed Robin
  2023 | D:3      | Reached skill level 1 in Long Blades
  2103 | D:3      | Found an opulent altar of Gozag.
  2437 | D:3      | Reached XP level 5. HP: 38/38 MP: 5/5
  2442 | D:3      | Killed Robin
  2442 | D:3      | Reached skill level 2 in Long Blades
  2753 | D:4      | HP: 2/57 [poisoned by a scorpion]
  2757 | D:4      | Reached skill level 3 in Long Blades
  2757 | D:4      | Reached skill level 1 in Evocations
  2766 | D:4      | Gained mutation: A weak demonic guardian rushes to your aid. [demonic ancestry]
  2766 | D:4      | Reached XP level 6. HP: 19/44 MP: 6/6
  3023 | D:4      | Noticed Natasha
  3032 | D:4      | Killed Natasha
  3056 | D:4      | Found a glowing drain.
  3069 | D:4      | Reached skill level 4 in Long Blades
  3088 | Sewer    | Entered a sewer
  4009 | D:4      | Gained mutation: You have a pair of antennae on your head. [demonic ancestry]
  4009 | D:4      | Reached XP level 7. HP: 45/50 MP: 8/8
  4141 | D:4      | Noticed Natasha
  4151 | D:4      | Killed Natasha
  4309 | D:4      | Noticed Natasha
  4319 | D:4      | Killed Natasha
  4319 | D:4      | Reached skill level 5 in Long Blades
  4560 | D:5      | Entered Level 5 of the Dungeon
  4717 | D:5      | Found a staircase to the Ecumenical Temple.
  4739 | Temple   | Entered the Ecumenical Temple
  4768 | Temple   | Became a worshipper of Warmaster Okawaru
  4847 | D:5      | Noticed Pikel
  4869 | D:5      | Killed Pikel
  4869 | D:5      | Reached * piety under Okawaru
  4869 | D:5      | Reached skill level 6 in Long Blades
  4869 | D:5      | Gained mutation: You have a pair of large antennae on your head. (SInv) [demonic ancestry]
  4869 | D:5      | Reached XP level 8. HP: 35/56 MP: 9/11
  5056 | D:5      | Reached skill level 7 in Long Blades
  5078 | D:5      | Noticed Duvessa
  5177 | D:5      | Reached ** piety under Okawaru
  5177 | D:5      | Reached skill level 5 in Evocations
  5193 | D:5      | Gained mutation: Your muscles are strong. (Str +2) [mutagenic meat]
  5194 | D:5      | Gained mutation: Scrolls take you a little longer to read. [mutagenic meat]
  5195 | D:5      | Gained mutation: Your body sometimes deteriorates upon taking damage. [mutagenic meat]
  5241 | D:5      | Noticed Dowan
  5243 | D:5      | Killed Dowan
  5272 | D:5      | Banished Duvessa
  5377 | D:5      | Reached skill level 8 in Long Blades
  5688 | D:5      | Found a faded altar of an unknown god.
  5688 | D:5      | Found a faded altar of an unknown god.
  5693 | D:5      | Found a faded altar of an unknown god.
  5695 | D:5      | Found a hazy altar of Hepliaklqana.
  5697 | D:5      | Found a faded altar of an unknown god.
  5869 | D:6      | Gained mutation: You are mostly covered in slimy green scales. (AC +3) [demonic ancestry]
  5869 | D:6      | Reached XP level 9. HP: 61/61 MP: 13/13
  5975 | D:6      | Found Poal's Assorted Antiques.
  5981 | D:6      | Bought a scroll labeled SUEMATEBLA for 31 gold pieces
  5981 | D:6      | Bought a scroll labeled SUEMATEBLA for 31 gold pieces
  6003 | D:6      | Found a shattered altar of Ashenzari.
  6149 | D:6      | Found a shimmering altar of Xom.
  6499 | D:6      | Reached skill level 1 in Invocations
  6970 | D:7      | Found a sacrificial altar of Ru.
  7023 | D:7      | Reached skill level 9 in Long Blades
  7426 | D:7      | Found a runed door.
  7458 | D:7      | Reached *** piety under Okawaru
  7476 | D:7      | Noticed Crazy Yiuf
  7482 | D:7      | Killed Crazy Yiuf
  7862 | D:7      | Found a deep blue altar of Sif Muna.
  7951 | D:7      | Received a gift from Okawaru
  8062 | D:8      | Reached skill level 10 in Long Blades
  8062 | D:8      | Reached skill level 5 in Invocations
  8171 | D:8      | Noticed Erica
  8178 | D:8      | Gained mutation: You tend to lose your temper in combat. [potion of mutation]
  8178 | D:8      | Gained mutation: Your flesh is cold resistant. (rC+) [potion of mutation]
  8178 | D:8      | Gained mutation: You have sharp toenails. [potion of mutation]
  8182 | D:8      | Banished Erica
  8182 | D:8      | Reached XP level 10. HP: 27/67 MP: 14/14
  8309 | D:8      | Lost mutation: Scrolls take you a little longer to read. [potion of cure mutation]
  8309 | D:8      | Lost mutation: You tend to lose your temper in combat. [potion of cure mutation]
  8309 | D:8      | Lost mutation: Your muscles are strong. (Str +2) [potion of cure mutation]
  8309 | D:8      | Lost mutation: Your body sometimes deteriorates upon taking damage. [potion of cure mutation]
  8511 | D:8      | Noticed Grum
  8525 | D:8      | Killed Grum
  8525 | D:8      | Reached **** piety under Okawaru
  8540 | D:8      | Reached skill level 11 in Long Blades
  8768 | D:8      | Received a gift from Okawaru
  9293 | D:9      | Reached skill level 1 in Charms
  9399 | D:9      | Reached skill level 1 in Air Magic
 10002 | D:9      | Slain by a troll

Vault maps used:
D:1:      tarquinn_simple_flora_water_a, feat_on_display
D:3:      grunt_gozag_statues, first_bread, uniq_robin
D:4:      portal_sewer_entry_b, uniq_natasha
D:5:      chequers_temple_overflow_minitemple, st_stairs_3, uniq_duvessa,
          uniq_pikel
D:6:      ashenzari_altar_1, serial_shops, shop, xom_teletrap_fun
D:7:      led_sif_book, kennysheep_mini, the_bakery, uniq_crazy_yiuf_cottage
D:8:      uniq_erica, uniq_grum
D:9:      minmay_holes, dk_noncrumbling_2
Temple:   regret_index_temple_sphere_string
Sewer:    sewer_co_scattered_pipes

Skill      XL: |  1  2  3  4  5  6  7  8  9 10 |
---------------+-------------------------------+-----
Polearms       | 3 4 |  4.0
Armour         | 1 2 |  2.0
Long Blades    | 1 3 4 6 8 10 11 | 11.9
Dodging        | 3 |  3.0
Evocations     | 1 2 4 5 6 |  6.0
Invocations    | 5 7 |  7.0
Charms         | 2 |  2.7
Air Magic      | 2 |  2.0
Fighting       | |  2.0
Throwing       | |  1.7

Action                   |  1- 3 |  4- 6 |  7- 9 | 10-12 || total
-------------------------+-------+-------+-------+-------++-------
Melee: Trident           |   111 |       |       |       ||   111
       Long sword        |       |   259 |   301 |   185 ||   745
       Kick              |       |       |     1 |    67 ||    68
Throw: Throwing net      |     5 |     1 |     1 |       ||     7
Evoke: Wand              |       |       |     4 |    15 ||    19
  Use: Potion            |       |     5 |     3 |     3 ||    11
       Scroll            |       |    10 |     2 |     3 ||    15
 Stab: Sleeping          |     1 |       |       |       ||     1
       Distracted        |       |       |       |     2 ||     2
  Eat: Chunk             |     1 |     9 |    17 |     7 ||    34
Armor: Leather armour    |     4 |       |       |       ||     4
       Ring mail         |    35 |    78 |    95 |    71 ||   279
       Skin              |       |     9 |       |       ||     9
Dodge: Dodged            |    36 |   152 |   119 |    84 ||   391
       Rpst.: Long sword |       |    32 |    36 |    27 ||    95
